 Dungeon Crawl Stone Soup version 0.31-a0-185-g9dded2c639 (webtiles) character file.

Game seed: 4779147216384235225

35 qw the Shooter (level 3, -5/20 HPs)
             Began as a Deep Elf Hunter on June 22, 2023.
             Slain by an orc
             ... wielding a +0 flail
              (6 damage)
             ... on level 3 of the Dungeon.
             The game lasted 00:00:25 (1450 turns).

qw the Shooter (Deep Elf Hunter)                    Turns: 1450, Time: 00:00:26

Health: -5/20      AC:  3    Str: 10    XL:     3   Next: 16%
Magic:  5/5        EV: 12    Int: 13    God:
Gold:   55         SH:  0    Dex: 18    Spells: 2/2 levels left

rFire   . . .        Y - +0 shortbow
rCold   . . .        (shield currently unavailable)
rNeg    . . .        c - +0 leather armour
rPois   .            (no helmet)
rElec   .            (no cloak)
rCorr   .            (no gloves)
SInv    .            (no boots)
Will    .....        (no amulet)
Stlth   ++           (no ring)
HPRegen 0.23/turn    (no ring)
MPRegen 0.09/turn

%: no passive effects
@: no status effects
A: no striking features
a: no special abilities


You were on level 3 of the Dungeon.
You visited 1 branch of the dungeon, and saw 3 of its levels.

You collected 55 gold pieces.


   Skills:
 - Level 1.5 Fighting
 + Level 6.7 Ranged Weapons
 - Level 2.4 Dodging
 - Level 1.2 Stealth


You had 2 spell levels left.
You didn't know any spells.
Your spell library was empty.

Inventory:

Hand Weapons
 Y - a +0 shortbow (weapon)
Armour
 c - a +0 leather armour (worn)
 e - a +0 ring mail
Scrolls
 a - a scroll of identify
Potions
 b - a potion of curing {unknown}
 d - a potion of attraction {unknown}
 f - a potion of ambrosia {unknown}
 g - a potion of invisibility {unknown}
 h - a potion of might {unknown}
 i - a potion of heal wounds {unknown}
 j - a potion of lignification {unknown}
 k - a potion of cancellation

Dungeon Overview and Level Annotations

Branches:
Dungeon (3/15)

Altars:


Message History

The dart slug is moderately wounded.
You shoot an arrow. The arrow hits the dart slug!
You kill the dart slug!
You have reached level 3!
Your experience leads to an increase in your attributes!
Increase (S)trength, (I)ntelligence, or (D)exterity?
You feel stronger. x2
A worm comes into view.
You shoot an arrow. The arrow hits the worm!
The worm is heavily wounded.
You shoot an arrow. The arrow hits the worm!
The worm is almost dead.
You shoot an arrow.
The arrow hits the worm but does no damage.
The worm is almost dead.
You shoot an arrow. The arrow hits the worm.
You kill the worm!
e - a +0 ring mail An orc comes into view.
It is wielding a +0 club.
You shoot an arrow. The arrow hits the orc.
The orc is lightly wounded.
You shoot an arrow. The arrow hits the orc.
You kill the orc! 2 orcs come into view.
You shoot an arrow.
The arrow hits the orc but does no damage.
The orc shouts!
You hear a shout!
You shoot an arrow. The arrow completely misses the orc.
You shoot an arrow.
The arrow hits the orc but does no damage.
You shoot an arrow. The arrow barely misses the orc.
The orc barely misses you.
An orc comes into view.
It is wielding a +0 hand axe of draining.
You shoot an arrow. The arrow completely misses the orc.
You shoot an arrow. The arrow closely misses the orc.
The orc hits you with a +0 flail! The orc hits you with a +0 club.
You shoot an arrow. The arrow barely misses the orc.
The orc hits you with a +0 flail! The orc barely misses you.
The orc hits you with a +0 flail.
You die...

.. #.##### ..##.#...
....... ......
#.#......# #.#.#..#.
##.#o#).. #..@o#..# #
#.....#.#..#
.##..####.#..# ~~##
#.....####....#
~~P777###.#..#.##....#
~~~P~P77.....#.##.#.##
~~~~~~~~7...........#
~~P~~~~~P~..##.######
~~~~~~~~7...##.#


You could see 2 orcs.

Vanquished Creatures
  2 worms
  3 dart slugs
  An orc (D:3)
  2 endoplasms (D:2)
  3 giant cockroaches
  3 kobolds (D:1)
  A quokka (D:2)
  A ball python (D:2)
  3 bats
  3 frilled lizards (D:1)
  2 rats (D:1)
24 creatures vanquished.

Notes
Turn   | Place    | Note
-------+----------+-------------------------------------------
     0 | D:1      | qw the Deep Elf Hunter began the quest for the Orb.
     0 | D:1      | Reached XP level 1. HP: 12/12 MP: 3/3
     0 | D:1      | 0 ||| qw: Version: 0.3-a-9-g12657ce
     0 | D:1      | 0 ||| qw: Game counter: 1734
     0 | D:1      | 0 ||| qw: Always use a shield: true
     0 | D:1      | 0 ||| qw: God list: Okawaru
     0 | D:1      | 0 ||| qw: Allow faded altars: false
     0 | D:1      | 0 ||| qw: Do Orc after D:15 true
     0 | D:1      | 0 ||| qw: Do second Lair branch before Depths: true
     0 | D:1      | 0 ||| qw: Lair rune preference: random
     0 | D:1      | 0 ||| qw: Plans: Normal
     0 | D:1      | 0 ||| PLANNING D:1-11
   290 | D:1      | 290 ||| READING 2 scrolls labelled LOUTEN HYDDE.
   439 | D:1      | 439 ||| FLEEEEING.
   563 | D:1      | Reached skill level 6 in Ranged Weapons
   563 | D:1      | Reached XP level 2. HP: 7/16 MP: 4/4
   667 | D:1      | 667 ||| READING scroll labelled JEMUCA YN TOFEFF.
   668 | D:1      | 668 ||| READING scroll labelled MOECRO TOTH.
   672 | D:1      | 672 ||| DROPPING scroll of fear.
   673 | D:1      | 673 ||| DROPPING scroll of butterflies.
  1238 | D:2      | 1238 ||| READING scroll labelled BOIXEA POIFO.
  1239 | D:2      | 1239 ||| READING scroll labelled GUUPOGOEFO.
  1240 | D:2      | 1240 ||| READING scroll labelled JOBECZ FEOHIEPP.
  1341 | D:2      | 1341 ||| DRINKING 2 bubbling golden potions.
  1411 | D:3      | Reached XP level 3. HP: 20/20 MP: 5/5
  1450 | D:3      | HP: 1/20 [orc/+0 flail (8)]
  1450 | D:3      | Slain by an orc

Levels and vault maps discovered:
D:1:      dpeg_arrival_tiny_a, layout_loops_cross, st_stairs_12,
          minmay_statues_item, due_unseen_surprise
D:2:      layout_rooms, minmay_quadrilaterals
D:3:      layout_basic, serial_shops, shop, shop, shop,
          nicolae_shop_tiny_real_fake_doors, shop,
          shapermc_ecumenical_altar_mp_urbaneastern, dreamdust_wishing_well,
          serial_bayou_ford_a

Skill      XL: |  1 |
---------------+----+-----
Ranged Weapons | 6 |  6.7
Fighting       | |  1.5
Dodging        | |  2.4
Stealth        | |  1.2

Action                     || total
---------------------------++-------
   Fire: Shortbow          ||    76
    Use: Scroll            ||     6
         Potion            ||     1
 Armour: Leather armour    ||     8
  Dodge: Dodged            ||    16

Table legend:
 A = Non-vault XP
 B = Vault XP
 C = Vault XP percentage of total XP
 D = Non-vault monster count
 E = Vault monster count
 F = Vault count percentage of total count
                 A         B        C        D         E       F
            +---------+---------+-------+---------+---------+-------
      Total |      44 |       6 |  12.0 |      20 |       4 |  16.7
            +---------+---------+-------+---------+---------+-------
        D:1 |      13 |       2 |  13.3 |      10 |       2 |  16.7
        D:2 |      15 |       4 |  21.1 |       6 |       2 |  25.0
        D:3 |      16 |       0 |   0.0 |       4 |       0 |   0.0
            +---------+---------+-------+---------+---------+-------
